 Dungeon Crawl Stone Soup version 0.21.1-1-g345015f (webtiles) character file.

44 inc the Conjurer (level 3, -3/14 HPs)
             Began as a Felid Wizard on Mar 2, 2018.
             Slain by a gnoll
             ... wielding a +0 whip
              (7 damage)
             ... on level 2 of the Dungeon.
             The game lasted 00:02:16 (1674 turns).

inc the Conjurer (Felid Wizard)                     Turns: 1674, Time: 00:02:17

Health: -3/14      AC:  1    Str:  3    XL:     3   Next: 39%
Magic:  8/8        EV: 17    Int: 20    God:
Gold:   66         SH:  0    Dex: 14    Spells: 7/8 levels left
                                        Lives:  0   Deaths: 0

rFire    . . .     SeeInvis +   (weapon unavailable)
rCold    . . .     Gourm    .   (shield unavailable)
rNeg     . . .     Faith    .   (armour unavailable)
rPois    .         Spirit   .   (helmet unavailable)
rElec    .         Reflect  .   (cloak unavailable)
rCorr    .         Harm     .   (gloves unavailable)
MR       .....                  (boots unavailable)
Stlth    +++.......             (no amulet)
HPRegen  0.04/turn              (no ring)
MPRegen  0.11/turn              (no ring)

@: quick
A: very small, no armour, no weapons or thrown items, stealth, claws 1, fangs 3,
see invisible, carnivore, speed 1, shaggy fur 1, slow metabolism 1, sharp paws
a: no special abilities


You were on level 2 of the Dungeon.
You were very full.

You visited 1 branch of the dungeon, and saw 2 of its levels.

You collected 66 gold pieces.

Inventory:

Scrolls
 d - 2 scrolls of amnesia {unknown}
 e - a scroll of magic mapping {unknown}
 f - 2 scrolls of identify {unknown}
 g - a scroll of teleportation {unknown}
 h - a scroll of enchant weapon {unknown}
Potions
 c - 2 potions of agility {unknown}
 i - a potion of haste {unknown}
 j - a potion of brilliance {unknown}
Books
 a - a book of Minor Magic

   Spells                             Type                      Level
   a - Magic Dart                     Conjuration                  1
   b - Blink                          Translocation                2
   c - Call Imp                       Summoning                    2
   d - Slow                           Hexes                        2
   e - Conjure Flame                  Conjuration/Fire             3
   f - Mephitic Cloud                 Conjuration/Poison/Air       3
Comestibles
 b - 5 rations


   Skills:
 - Level 2.6 Dodging
 - Level 2.6 Stealth
 - Level 3.0 Spellcasting
 + Level 3.1 Conjurations
   Level 1.0 Summonings
   Level 1.5 Translocations


You had 7 spell levels left.
You knew the following spells:

 Your Spells              Type           Power        Failure   Level  Hunger
a - Magic Dart            Conj           ###.         4%          1    None


Dungeon Overview and Level Annotations

Branches:
Dungeon (2/15)

Altars:


Innate Abilities, Weirdness & Mutations

You cannot wear armour.
You are incapable of wielding weapons or throwing items.
Your paws allow you to move quietly. (Stealth)
You have sharp claws.
You have razor-sharp teeth.
You have supernaturally acute eyesight. (SInv)
You are carnivorous and can eat meat at any time.
You cover ground quickly.
You are covered in fur. (AC +1)
You have a slow metabolism.
Your sharp claws are effective at attacking unaware monsters.


Message History

Magic restored.
You start resting.
HP restored.
(D) Dungeon
Where to? (Enter - D:2, ? - help)
Things that are here:
a club; a gnoll skeleton
There is a stone staircase leading down here.
You climb downwards.
The gnoll barely misses you. The ball python bites you.
The ball python grabs you. The ball python constricts you.
The hobgoblin barely misses you. The gnoll hits you with a whip.
The gnoll barely misses you. The ball python barely misses you.
* * * LOW HITPOINT WARNING * * *
The ball python constricts you.
A leopard gecko comes into view.
There is a stone staircase leading up, spattered with blood here.
You escape the ball python's grasp.
The hobgoblin closely misses you. The gnoll hits you with a whip!
Ouch! That really hurt!
You die...

.. .# .. .# #. ..#
... ###.# ...(
##...# ..... #.<#
###......
#.#...##@S......
#..l...gggg......
#.....)..........
#................
.......).........
..##..............
.# ##.......>.....
..##.?.##.....


You could see 3 gnolls, a leopard gecko, a hobgoblin and a ball python.

Vanquished Creatures
  A gnoll (D:1)
  A dart slug (D:1)
  2 giant cockroaches (D:1)
  3 goblins (D:1)
  6 hobgoblins (D:1)
  2 jackals (D:1)
  4 kobolds (D:1)
  A ball python (D:1)
  4 bats
  2 frilled lizards (D:1)
  3 rats
29 creatures vanquished.

Notes
Turn   | Place    | Note
-------+----------+-------------------------------------------
     0 | D:1      | inc the Felid Wizard began the quest for the Orb.
     0 | D:1      | Reached XP level 1. HP: 7/7 MP: 5/5
    30 | D:1      | Reached skill level 1 in Conjurations
   558 | D:1      | Reached XP level 2. HP: 10/11 MP: 2/7
  1174 | D:1      | Reached XP level 3. HP: 14/14 MP: 4/8
  1674 | D:2      | Slain by a gnoll

Skill      XL: |  1  2  3 |
---------------+----------+-----
Conjurations   | 1 2 3 |  3.1
Dodging        | |  2.6
Stealth        | |  2.6
Spellcasting   | |  3.0
Summonings     | |  1.0
Translocations | |  1.5

Action                   || total
-------------------------++-------
Melee: Unarmed           ||    32
 Cast: Magic Dart        ||    75
  Eat: Chunk             ||     8
Armor: Skin              ||     1
Dodge: Dodged            ||    52
